 Dungeon Crawl Stone Soup version 0.19.1 (webtiles) character file.

1805 Assic the Magician (level 9, -8/47 HPs)
             Began as a Gargoyle Earth Elementalist on Nov 30, 2016.
             Was a Believer of Vehumet.
             Mangled by a red ugly thing (17 damage)
             ... on level 7 of the Dungeon.
             The game lasted 00:25:07 (9126 turns).

Assic the Magician (Gargoyle Earth Elementalist)    Turns: 9126, Time: 00:25:08

Health: -8/47      AC:  9    Str: 14    XL:     9   Next: 9%
Magic:  11/20      EV: 13    Int: 19    God:    Vehumet [**....]
Gold:   396        SH:  0    Dex: 10    Spells: 4 memorised, 10 levels left

rFire  . . .     SeeInvis .     b - 195 stones
rCold  . . .     Gourm    .     s - +1 robe of the Frog {rElec Str+2}
rNeg   + . .     Faith    .     (no shield)
rPois  ∞         Spirit   .     (no helmet)
rElec  +         Reflect  .     (no cloak)
rCorr  .         Harm     .     f - +0 pair of gloves
MR     .....                    (no boots)
Stlth  ++........               (no amulet)
                                (no ring)
                                o - +1 ring of evasion

@: no status effects
A: negative energy resistance 1, electricity resistance, unbreathing,
petrification resistance, rot immunity, AC +5
a: Renounce Religion


You were on level 7 of the Dungeon.
You worshipped Vehumet.
Vehumet was pleased with you.
You were hungry.

You visited 2 branches of the dungeon, and saw 8 of its levels.

You collected 426 gold pieces.
You spent 30 gold pieces at shops.

Inventory:

Hand Weapons
 a - a +1 short sword
 c - a +0 mace
 p - a +0 whip
 r - a +1 hand axe of flaming
 y - a +3 flail of crushing
Missiles
 b - 195 stones (in hand)
Armour
 f - a +0 pair of gloves (worn)
 s - the +1 robe of the Frog (worn) {rElec Str+2}
   (You found it on level 4 of the Dungeon)

   It affects your strength (+2).
   It insulates you from electricity.
 w - the +0 ring mail of Ashenzari's Esteem {Regen+ Dex+4}
   (You found it on level 5 of the Dungeon)

   It affects your dexterity (+4).
   It increases your rate of regeneration.
Magical Staves
 n - an uncursed staff of conjuration
Jewellery
 j - an uncursed ring of ice
 o - a +1 ring of evasion (left hand)
Scrolls
 h - a scroll of teleportation
 x - 2 scrolls of identify
Potions
 g - 2 potions of brilliance
 k - 2 potions of flight
 t - a potion of curing
 v - a potion of mutation
Books
 e - a book of Geomancy

   Spells                             Type                      Level
   a - Sandblast                      Earth                        1
   b - Passwall                       Transmutation/Earth          2
   c - Stone Arrow                    Conjuration/Earth            3
   d - Petrify                        Transmutation/Earth          4
   e - Lee's Rapid Deconstruction     Earth                        5
Comestibles
 d - 6 bread rations
 i - a beef jerky
 u - 3 meat rations


   Skills:
 + Level 1.4 Fighting
 + Level 1.0 Maces & Flails
 + Level 1.5 Armour
 + Level 2.1 Dodging
 - Level 2.1 Stealth
 * Level 7.6 Spellcasting
 + Level 5.5 Conjurations
 - Level 0.7 Transmutations
 + Level 7.3 Earth Magic


You had 10 spell levels left.
You knew the following spells:

 Your Spells              Type           Power        Failure   Level  Hunger
a - Sandblast             Erth           #####.       1%          1    None
b - Stone Arrow           Conj/Erth      ####..       1%          3    #......
c - Lee's Rapid Deconstr  Erth           #####.....   14%         5    #####..
d - Petrify               Tmut/Erth      ###.....     21%         4    ###....


Dungeon Overview and Level Annotations

Branches:
Dungeon (7/15)             Temple (1/1) D:6

Altars:
Ashenzari
Cheibriados
Dithmenos
Elyvilon
Fedhas
Gozag
Kikubaaqudgha
Makhleb
Nemelex Xobeh
Okawaru
Qazlal
Ru
Sif Muna
Trog
Uskayaw
Vehumet
Xom
Yredelemnul
The Shining One

Shops:
D:4 *


Innate Abilities, Weirdness & Mutations

You are resistant to torment.
Your stone body is resilient. (AC +5)
You are immune to poison.
You resist negative energy. (rN+)
You are resistant to electric shocks. (rElec)
You can survive without breathing.
You are immune to petrification.
You are immune to rotting.


Message History

The red ugly thing is moderately wounded.
Casting: Sandblast
Confirm with . or Enter, or press ? or * to list all spells.
Aiming: Sandblast
Press: ? - help, Shift-Dir - straight line, f/p - red ugly thing
Aim: a red ugly thing (moderately wounded)
The rocky blast hits the red ugly thing.
The red ugly thing is heavily wounded.
The red ugly thing trunk-slaps you!
You are engulfed in flames!!
Casting: Sandblast
Confirm with . or Enter, or press ? or * to list all spells.
Aiming: Sandblast
Press: ? - help, Shift-Dir - straight line, f/p - red ugly thing
Aim: a red ugly thing (moderately wounded)
The rocky blast hits the red ugly thing.
The red ugly thing is heavily wounded.
The bullfrog hits you. The red ugly thing trunk-slaps you!
* * * LOW HITPOINT WARNING * * *
You are engulfed in flames!
You die...

.... .........# ....#
........# ....$.
.......# ......
##.....## ......#
#.......#
>......###.......#
#..............#
#...u@#.......#
....#.F..###...#########
##....##................
#......######...........
...###..# ###.........
.. ##..#######........ .
#.#..................
#.#.^................
#....................


You could see a red ugly thing and a bullfrog.

Vanquished Creatures
  Edmund (D:6)
  Menkaure (D:4)
  An ice beast (D:6)
  2 phantoms
  3 big kobolds
  A bullfrog (D:6)
  A scorpion (D:5)
  2 electric eels (D:6)
  2 crimson imps (D:5)
  A centaur zombie (D:6)
  A jelly (D:5)
  An orc priest (D:6)
  5 hounds
  An iguana (D:7)
  Natasha (twice) (D:4)
  An orc wizard (D:5)
  5 worker ants
  A hound skeleton (D:6)
  A worker ant zombie (D:7)
  9 gnolls (D:6)
  13 adders
  A shadow imp (D:6)
  2 oozes
  2 adder skeletons
  2 worms
  2 dart slugs
  2 leopard geckos (D:2)
  15 orcs
  8 giant cockroaches
  25 hobgoblins
  8 jackals
  2 quokkas
  A ball python (D:3)
  8 bats
  6 frilled lizards
  33 goblins
  A jackal skeleton (D:6)
  A jackal zombie (D:5)
  12 kobolds
  4 rats
  A spectral orc (D:6)
191 creatures vanquished.

Vanquished Creatures (others)
  A bullfrog skeleton (D:6)
1 creature vanquished.

Grand Total: 192 creatures vanquished

Notes
Turn   | Place    | Note
-------+----------+-------------------------------------------
     0 | D:1      | Assic the Gargoyle Earth Elementalist began the quest for the Orb.
     0 | D:1      | Reached XP level 1. HP: 10/10 MP: 3/3
   217 | D:1      | Reached XP level 2. HP: 15/15 MP: 3/5
   923 | D:1      | Reached XP level 3. HP: 19/19 MP: 7/7
   928 | D:1      | Learned a level 3 spell: Stone Arrow
  1704 | D:2      | Reached XP level 4. HP: 24/24 MP: 2/9
  1972 | D:2      | Reached skill level 1 in Conjurations
  2270 | D:2      | Found a hide-covered altar of Uskayaw.
  2275 | D:2      | Found an ancient bone altar of Kikubaaqudgha.
  2338 | D:3      | Found a stormy altar of Qazlal.
  2480 | D:3      | Noticed a phantom
  2491 | D:3      | Killed a phantom
  2491 | D:3      | Reached XP level 5. HP: 24/28 MP: 0/11
  2865 | D:3      | Reached skill level 5 in Earth Magic
  2899 | D:3      | Reached XP level 6. HP: 32/32 MP: 5/12
  3151 | D:3      | Found a white marble altar of Elyvilon.
  3783 | D:4      | Noticed Menkaure
  3834 | D:4      | Got a shimmering robe
  3845 | D:4      | Identified the +1 robe of the Frog {rElec Str+2} (You found it on level 4 of the Dungeon)
  3862 | D:4      | Killed Menkaure
  3862 | D:4      | Reached skill level 5 in Spellcasting
  3862 | D:4      | Reached XP level 7. HP: 36/36 MP: 7/14
  4233 | D:4      | Noticed Natasha
  4239 | D:4      | Killed Natasha
  4294 | D:4      | Noticed Natasha
  4296 | D:4      | Killed Natasha
  4333 | D:4      | Found Nunyxaoc's Assorted Antiques.
  4338 | D:4      | Bought 2 green potions for 30 gold pieces
  4505 | D:5      | Entered Level 5 of the Dungeon
  4677 | D:5      | Got a dazzling ring mail
  4688 | D:5      | Identified the cursed +0 ring mail of Ashenzari's Esteem {Regen+ Dex+4} (You found it on level 5 of the Dungeon)
  5492 | D:5      | Learned a level 4 spell: Petrify
  5539 | D:5      | Reached XP level 8. HP: 40/41 MP: 11/17
  6094 | D:6      | Found a staircase to the Ecumenical Temple.
  6116 | Temple   | Entered the Ecumenical Temple
  6166 | Temple   | Became a worshipper of Vehumet
  6204 | D:6      | Found an opulent altar of Gozag.
  6707 | D:6      | Found a glowing golden altar of the Shining One.
  6751 | D:6      | Noticed Edmund
  6765 | D:6      | Killed Edmund
  7013 | D:6      | Reached skill level 5 in Conjurations
  7050 | D:6      | Found a stormy altar of Qazlal.
  7054 | D:6      | Found a shimmering altar of Xom.
  7498 | D:6      | Found a basalt altar of Yredelemnul.
  7648 | D:6      | Reached * piety under Vehumet
  7648 | D:6      | Offered knowledge of Shock by Vehumet.
  8307 | D:6      | Reached XP level 9. HP: 27/46 MP: 20/20
  8330 | D:6      | Reached skill level 1 in Fighting
  8330 | D:6      | Reached skill level 1 in Maces & Flails
  8330 | D:6      | Reached skill level 1 in Armour
  8337 | D:6      | Learned a level 5 spell: Lee's Rapid Deconstruction
  8484 | D:6      | Reached ** piety under Vehumet
  8510 | D:6      | Offered knowledge of Magic Dart by Vehumet.
  9121 | D:7      | Noticed a red ugly thing
  9126 | D:7      | Mangled by a red ugly thing

Skill      XL: |  1  2  3  4  5  6  7  8  9 |
---------------+----------------------------+-----
Earth Magic    | 4 5 6 7 |  7.3
Spellcasting   | 3 4 5 6 7 |  7.6
Conjurations   | 1 2 4 5 |  5.5
Dodging        | 2 |  2.1
Fighting       | 1 |  1.4
Maces & Flails | 1 |  1.0
Armour         | 1 |  1.5
Stealth        | |  2.1
Transmutations | |  0.7

Action                   |  1- 3 |  4- 6 |  7- 9 || total
-------------------------+-------+-------+-------++-------
Melee: Short sword       |    88 |    35 |    83 ||   206
       Flail             |       |       |   169 ||   169
 Cast: Sandblast         |    19 |    72 |    69 ||   160
       Stone Arrow       |     2 |     1 |    36 ||    39
       Lee's Rapid Decon |       |       |     4 ||     4
  Use: Scroll            |     6 |     8 |     6 ||    20
       Potion            |       |     2 |     7 ||     9
 Stab: Sleeping          |     1 |     1 |     2 ||     4
  Eat: Chunk             |     2 |     6 |    14 ||    22
       Fruit             |       |     2 |     3 ||     5
       Pizza             |       |       |     1 ||     1
Armor: Robe              |    34 |    28 |   171 ||   233
Dodge: Dodged            |    68 |    46 |   362 ||   476
